 Dungeon Crawl Stone Soup version 0.28-a0-1493-g08698888e4 (webtiles) character file.

Game seed: 3314655494679605433

64 lunkers the Covert (level 3, -3/28 HPs)
             Began as a Vampire Delver on Jan 12, 2022.
             Slain by an ogre (28 damage)
             ... on level 4 of the Dungeon.
             The game lasted 00:00:54 (170 turns).

lunkers the Covert (Vampire Delver)                  Turns: 170, Time: 00:00:55

Health: -3/28      AC:  4    Str: 11    XL:     3   Next: 91%
Magic:  3/3        EV: 12    Int: 14    God:
Gold:   16         SH:  0    Dex: 15    Spells: 2/2 levels left

rFire   . . .      SeeInvis +   a - +0 short sword
rCold   . . .      Faith    .   (no shield)
rNeg    . . .      Spirit   .   b - +0 leather armour
rPois   .          Reflect  .   (no helmet)
rElec   .          Harm     .   (no cloak)
rCorr   .          Rampage  .   (no gloves)
Will    .....                   j - +0 pair of boots
Stlth   ++++......              (no amulet)
HPRegen 0.29/turn               (no ring)
MPRegen 0.08/turn               (no ring)

@: healing quickly
A: alive, fangs 3, see invisible, vampiric 2
a: Exsanguinate


You were on level 4 of the Dungeon.
You visited 1 branch of the dungeon, and saw 2 of its levels.

You collected 16 gold pieces.

Inventory:

Hand Weapons
 a - a +0 short sword (weapon)
Armour
 b - a +0 leather armour (worn)
 j - a +0 pair of boots (worn)
Wands
 g - a wand of digging (3)
Scrolls
 c - a scroll of fog
 d - a scroll of magic mapping
 e - a scroll of fear
 h - a scroll of immolation {unknown}
 i - a scroll of identify {unknown}
Potions
 f - a potion of haste


   Skills:
 - Level 2.6 Fighting
 + Level 2.4 Short Blades
 - Level 2.1 Dodging
 + Level 9.3 Stealth


You had 2 spell levels left.
You didn't know any spells.
Your spell library contained the following spells:

 Spells                   Type           Power      Damage    Failure   Level
 Ensorcelled Hibernation  Hex/Ice        0%         N/A       50%         2
 Spider Form              Tmut/Pois      0%         N/A       75%         3
 Anguish                  Hex/Necr       0%         N/A       98%         4


Dungeon Overview and Level Annotations

Branches:
Dungeon (5/15)
 Temple: D:4-7

Altars:


Innate Abilities, Weirdness & Mutations

Your natural rate of healing is accelerated.
You have razor-sharp teeth.
You have supernaturally acute eyesight. (SInv)
You are afflicted with vampirism and can become a bat while bloodless.


Message History

There is an open door here.
You open the door.
An ogre comes into view. It is wielding a +0 giant club.
Found a pair of boots.
There is an open door here.
The ogre shouts!
Okay, then.
There is an open door here.
You close the door.
An ogre opens the door.
You close the door.
An ogre opens the door.
You close the door.
An ogre opens the door.
You close the door.
An ogre opens the door.
You close the door.
An ogre opens the door.
You close the door.
An ogre breaks down the door.
It's broken and can't be closed.
The ogre closely misses you.
Things that are here:
a +0 whip; a kobold corpse
There is a stone staircase leading down here.
You climb downwards.
The orc hits you with a +0 whip.
There is a stone staircase leading up here.
The orc wizard shouts!
The orc shouts!
You hit the orc.
The orc is lightly wounded.
The orc hits you with a +0 whip.
You barely miss the orc.
The orc is lightly wounded.
An orc wizard comes into view. It is wielding a +0 dagger.
The orc hits you but does no damage.
The orc wizard shouts!
You hit the orc.
The orc is moderately wounded.
The orc barely misses you.
You hit the orc.
You kill the orc!
The orc throws a boomerang.
The boomerang closely misses you.
You climb upwards.
The ogre hits you with a +0 giant club!!
Ouch! That really hurt!
You die...

..# #.##.....## #
#.#...(...# # #.#...h...#
# ..###.#....... #
>...##.....
#.######..##...
#........@.##+#######+####
##########O...............
#................
#................
####'#######+#### ##...##
##.....## # #.......# #
#.......# #


You could see an ogre.

Vanquished Creatures
  A hound (D:4)
  A centaur skeleton (D:4)
  An adder skeleton (D:4)
  An orc (D:5)
  A kobold (D:4)
5 creatures vanquished.

Vanquished Creatures (others)
  2 plants (D:4)
2 creatures vanquished.

Grand Total: 7 creatures vanquished

Notes
Turn   | Place    | Note
-------+----------+-------------------------------------------
     0 | D:5      | lunkers the Vampire Delver began the quest for the Orb.
     0 | D:5      | Reached XP level 1. HP: 17/17 MP: 1/1
     9 | D:5      | Noticed an orc wizard
    18 | D:4      | Noticed a hound
    58 | D:4      | Killed a hound
    59 | D:4      | Reached skill level 8 in Stealth
    59 | D:4      | Reached XP level 2. HP: 23/23 MP: 2/2
    59 | D:4      | Gained mutation: You are afflicted with vampirism and can
                  | become a bat while bloodless. [Vampire growth]
    59 | D:4      | Reached XP level 3. HP: 28/28 MP: 3/3
    70 | D:4      | Noticed a black bear
   109 | D:4      | Reached skill level 9 in Stealth
   130 | D:4      | Noticed an ogre
   170 | D:4      | Slain by an ogre

Illustrated notes

Levels and vault maps discovered:
D:4:      kennysheep_six_static_rooms, layout_basic, serial_bayou,
          serial_bayou_shore_b, serial_bayou_pond_b, serial_bayou_shore_b,
          serial_bayou_pond_c, serial_bayou_crossing
D:5:      layout_loops_ring, uniq_blork_the_orc

Skill      XL: |  1  2  3 |
---------------+----------+-----
Stealth        | 8 9 |  9.3
Fighting       | |  2.6
Short Blades   | |  2.4
Dodging        | |  2.1

Action                   || total
-------------------------++-------
Melee: Short sword       ||    15
 Stab: Sleeping          ||     3
Armor: Leather armour    ||     1
Dodge: Dodged            ||    12

Table legend: (Time is in decaauts)
 A = Elapsed time spent in this place.
 B = Non-inter-level travel time spent in this place.
 C = Inter-level travel time spent in this place.
 D = Time resting spent in this place.
 E = Time spent auto-exploring this place.
 F = Levels seen in this place.
 G = Mean time per level.
                   A        B        C        D        E       F      G
               +--------+--------+--------+--------+--------+-----+--------+
         Total |    170 |    170 |      0 |      0 |     55 |   2 |   85.0 |
       Dungeon |    170 |    170 |      0 |      0 |     55 |   2 |   85.0 |
               +--------+--------+--------+--------+--------+-----+--------+

Top non-repeatable levels by time:
     D:4: 153 daAuts
     D:5: 16 daAuts
